NCAA
VIRGINIA TECH HOKIES @ VILLANOVA WILDCATS
05/27/2027
 
TOP OF THE 1ST
Virginia Tech Hokies batting - Pitching for Villanova Wildcats : RHP Luis Castillo
Pitching: RHP Luis Castillo
Batting: RHB César Rodríguez 0-0: Ball
1-0: Called Strike
1-1: Ball
2-1: Reached on error, E6 (Groundball, 6)
Batting: RHB Eric Clay 0-0: Ball
1-0: Ground out 2-3 (Groundball, 2R)
César Rodríguez to third
Batting: LHB Juan Carlos Manuel 0-0: Ball
1-0: Swinging Strike
1-1: Swinging Strike
1-2: Ball
2-2: Foul Ball, location: 2F
2-2: Strikes out swinging
Batting: RHB Lawrence Ware 0-0: Called Strike
0-1: Ball
1-1: Ball
2-1: Ball
3-1: Fly out, F9 (Flyball, 9S)
Top of the 1st over - 0 run(s), 0 hit(s), 1 error(s), 1 left on base; Virginia Tech 0 - Villanova 0
BOTTOM OF THE 1ST
Villanova Wildcats batting - Pitching for Virginia Tech Hokies : LHP John Judson
Pitching: LHP John Judson
Batting: RHB Juan Romero 0-0: Foul Ball, location: 2F
0-1: Ball
1-1: Foul Ball, location: 2F
1-2: Fly out, F8 (Flyball, 8RS)
Batting: RHB Jonathan Davis 0-0: Reached on error, E5 (Groundball, 56)
Batting: RHB Robbie Anderson 0-0: Called Strike
0-1: Ball
1-1: Ball
2-1: Ball
3-1: Called Strike
3-2: Base on Balls
Jonathan Davis to second
Batting: RHB Steve Smith 0-0: Ball
Wild Pitch!
Jonathan Davis to third
Robbie Anderson to second
1-0: Ball
2-0: Ground out 6-3 (Groundball, 6)
Jonathan Davis scores
Batting: RHB Martín Flores 0-0: Ball
1-0: Ball
2-0: Foul Ball, location: 2F
2-1: Ball
3-1: Base on Balls
Batting: RHB Jason Smith 0-0: TRIPLE (Flyball, 9LS)
Robbie Anderson scores
Martín Flores scores
Batting: RHB Reynaldo Gómez 0-0: Called Strike
0-1: Fly out, F9 (Flyball, 9)
Bottom of the 1st over - 3 run(s), 1 hit(s), 1 error(s), 1 left on base; Virginia Tech 0 - Villanova 3
TOP OF THE 2ND
Virginia Tech Hokies batting - Pitching for Villanova Wildcats : RHP Luis Castillo
Batting: RHB Clay Smith 0-0: Ball
1-0: Called Strike
1-1: SINGLE (Groundball, 56D)
Batting: RHB Rob Fleming 0-0: Ball
1-0: Ball
2-0: Ball
3-0: Called Strike
3-1: Swinging Strike
3-2: Foul Ball, location: 2F
3-2: Strikes out swinging
Batting: RHB Nathan Taylor 0-0: Ball
1-0: Called Strike
1-1: 2-RUN HOME RUN (Flyball, 78XD), Distance : 362 ft
Batting: RHB Elliott Short 0-0: Ball
1-0: Fly out, F3 (Popup, 3S)
Batting: RHB Dusty Green 0-0: Called Strike
0-1: Swinging Strike
0-2: Foul Ball, location: 2F
0-2: Ball
1-2: Strikes out swinging
Top of the 2nd over - 2 run(s), 2 hit(s), 0 error(s), 0 left on base; Virginia Tech 2 - Villanova 3
BOTTOM OF THE 2ND
Villanova Wildcats batting - Pitching for Virginia Tech Hokies : LHP John Judson
Batting: RHB Heath Hall 0-0: Reached on error, E1 (Groundball, 13S)
Batting: SHB Will Combs 0-0: Called Strike
0-1: Foul Ball, location: 2F
0-2: Ball
1-2: SINGLE (Line Drive, 6D)
Heath Hall to third
Runner from 3rd tries for Home, SAFE, no throw
Batting: RHB Juan Romero 0-0: Called Strike
0-1: Ball
1-1: Called Strike
1-2: Foul Ball, location: 2F
1-2: Ball
2-2: TRIPLE (Flyball, 89M)
Will Combs scores
Batting: RHB Jonathan Davis 0-0: Foul Ball, location: 2F
0-1: Called Strike
0-2: Ball
1-2: Foul Ball, location: 2F
1-2: Ground out 4-3 (Groundball, 4)
Juan Romero scores
Batting: RHB Robbie Anderson 0-0: Called Strike
0-1: Foul Ball, location: 2F
0-2: Strikes out swinging
Batting: RHB Steve Smith 0-0: Ball
1-0: Ball
2-0: Swinging Strike
2-1: Ball
3-1: Called Strike
3-2: Foul Ball, location: 2F
3-2: Strikes out swinging
Bottom of the 2nd over - 3 run(s), 2 hit(s), 1 error(s), 0 left on base; Virginia Tech 2 - Villanova 6
TOP OF THE 3RD
Virginia Tech Hokies batting - Pitching for Villanova Wildcats : RHP Luis Castillo
Batting: RHB César Rodríguez 0-0: Called Strike
0-1: Ball
1-1: Ball
2-1: Ball
3-1: Base on Balls
Batting: RHB Eric Clay 0-0: Called Strike
0-1: Foul Ball, location: 2F
0-2: Ball
1-2: Ball
2-2: Strikes out swinging
Batting: LHB Juan Carlos Manuel 0-0: Ball
César Rodríguez is caught stealing 2nd base
1-0: Ball
2-0: Foul Ball, location: 2F
2-1: Called Strike
2-2: Strikes out swinging
Top of the 3rd over - 0 run(s), 0 hit(s), 0 error(s), 0 left on base; Virginia Tech 2 - Villanova 6
BOTTOM OF THE 3RD
Villanova Wildcats batting - Pitching for Virginia Tech Hokies : LHP John Judson
Batting: RHB Martín Flores 0-0: Ball
1-0: Ball
2-0: Foul Ball, location: 2F
2-1: Ball
3-1: Base on Balls
Batting: RHB Jason Smith 0-0: Ball
1-0: Reached on error, E6 (Groundball, 6)
Martín Flores to second
Batting: RHB Reynaldo Gómez 0-0: Ball
1-0: Ball
2-0: Grounds into double play, 4-6-3 (Groundball, 4)
Martín Flores to third
Batting: RHB Heath Hall 0-0: Foul Ball, location: 2F
0-1: SINGLE (Groundball, 6MD)
Martín Flores scores
Pitching: RHP Eldon McElroy
Batting: SHB Will Combs 0-0: Called Strike
0-1: Foul Ball, location: 2F
0-2: Ball
1-2: Ground out U3 (Groundball, 34)
Bottom of the 3rd over - 1 run(s), 1 hit(s), 1 error(s), 1 left on base; Virginia Tech 2 - Villanova 7
TOP OF THE 4TH
Virginia Tech Hokies batting - Pitching for Villanova Wildcats : RHP Luis Castillo
Batting: RHB Lawrence Ware 0-0: Called Strike
0-1: Ball
1-1: Foul Ball, location: 2F
1-2: Ground out 5-3 (Groundball, 56)
Batting: RHB Clay Smith 0-0: Ball
1-0: Foul Ball, location: 2F
1-1: Foul Ball, location: 2F
1-2: Ball
2-2: Foul Ball, location: 2F
2-2: Ball
3-2: Strikes out swinging
Batting: RHB Rob Fleming 0-0: Ball
1-0: Fly out, F8 (Line Drive, 78M)
Top of the 4th over - 0 run(s), 0 hit(s), 0 error(s), 0 left on base; Virginia Tech 2 - Villanova 7
BOTTOM OF THE 4TH
Villanova Wildcats batting - Pitching for Virginia Tech Hokies : RHP Eldon McElroy
Batting: RHB Juan Romero 0-0: Ball
1-0: Swinging Strike
1-1: Ball
2-1: Ball
3-1: Base on Balls
Batting: RHB Jonathan Davis 0-0: Ball
1-0: Foul Ball, location: 2F
1-1: Fly out, F8 (Flyball, 8RM)
Batting: RHB Robbie Anderson 0-0: Ball
1-0: Called Strike
1-1: Ball
2-1: Ball
3-1: Base on Balls
Juan Romero to second
Batting: RHB Steve Smith 0-0: SINGLE (Groundball, 56D)
Juan Romero to third
Robbie Anderson to second
Runner from 3rd tries for Home, SAFE, no throw
Batting: RHB Martín Flores 0-0: Ball
1-0: Ball
2-0: Ball
3-0: Base on Balls
Robbie Anderson to third
Steve Smith to second
Batting: RHB Jason Smith 0-0: Ball
1-0: Ball
2-0: Fielders Choice at 2nd, 4-6 (Groundball, 4M)
Robbie Anderson scores
Steve Smith to third
Batting: RHB Reynaldo Gómez 0-0: Foul Ball, location: 2F
0-1: Called Strike
0-2: Ball
1-2: SINGLE (Line Drive, 9S)
Steve Smith scores
Jason Smith to second
Pitching: RHP Russ Underwood
Batting: RHB Heath Hall 0-0: Ball
1-0: Ball
2-0: Fly out, F8 (Flyball, 8LS)
Bottom of the 4th over - 3 run(s), 2 hit(s), 0 error(s), 2 left on base; Virginia Tech 2 - Villanova 10
TOP OF THE 5TH
Virginia Tech Hokies batting - Pitching for Villanova Wildcats : RHP Luis Castillo
Batting: RHB Nathan Taylor 0-0: Ball
1-0: Foul Ball, location: 2F
1-1: Ball
2-1: Ball
3-1: Swinging Strike
3-2: Strikes out swinging
Batting: RHB Elliott Short 0-0: Ball
1-0: Foul Ball, location: 2F
1-1: Swinging Strike
1-2: Strikes out swinging
Batting: RHB Dusty Green 0-0: Called Strike
0-1: Ball
1-1: Ball
2-1: Reached on error, E5 (Groundball, 56)
Batting: RHB César Rodríguez 0-0: Foul Ball, location: 2F
0-1: Called Strike
0-2: Strikes out swinging
Top of the 5th over - 0 run(s), 0 hit(s), 1 error(s), 1 left on base; Virginia Tech 2 - Villanova 10
BOTTOM OF THE 5TH
Villanova Wildcats batting - Pitching for Virginia Tech Hokies : RHP Russ Underwood
Batting: SHB Will Combs 0-0: Ball
1-0: Called Strike
1-1: Foul Ball, location: 2F
1-2: Ball
2-2: SINGLE (Groundball, 56D)
Batting: RHB Juan Romero 0-0: Swinging Strike
0-1: Called Strike
0-2: Ball
1-2: Strikes out looking
Batting: RHB Jonathan Davis 0-0: Ball
1-0: Ball
2-0: DOUBLE (Flyball, 78M)
Will Combs to third
Batting: RHB Robbie Anderson 0-0: Fly out, F9 (Flyball, 89D)
Runner from 3rd tags up, SCORES, no throw
Batting: RHB Steve Smith 0-0: Foul Ball, location: 2F
0-1: 2-RUN HOME RUN (Flyball, 7D), Distance : 350 ft
Batting: RHB Martín Flores 0-0: Called Strike
0-1: Ground out 6-3 (Groundball, 6)
Bottom of the 5th over - 3 run(s), 3 hit(s), 0 error(s), 0 left on base; Virginia Tech 2 - Villanova 13
TOP OF THE 6TH
Virginia Tech Hokies batting - Pitching for Villanova Wildcats : RHP Luis Castillo
Pitching: RHP Mathieu Bourbeau
Batting: RHB Eric Clay 0-0: Ball
1-0: Ball
2-0: Ball
3-0: Called Strike
3-1: SINGLE (Groundball, 4MD)
Batting: LHB Juan Carlos Manuel 0-0: Called Strike
0-1: Foul Ball, location: 2F
0-2: Ball
1-2: Foul Ball, location: 2F
1-2: Ball
2-2: Fly out, F7 (Flyball, 7D)
Batting: RHB Lawrence Ware
Pinch Hitting: RHB Matt Jenkins 0-0: Ball
1-0: Ball
2-0: Called Strike
2-1: Foul Ball, location: 2F
2-2: Ball
3-2: Strikes out looking
Batting: RHB Clay Smith 0-0: Ball
1-0: Swinging Strike
1-1: Fielders Choice at 2nd, 6-4 (Groundball, 6)
Top of the 6th over - 0 run(s), 1 hit(s), 0 error(s), 0 left on base; Virginia Tech 2 - Villanova 13
BOTTOM OF THE 6TH
Villanova Wildcats batting - Pitching for Virginia Tech Hokies : RHP Russ Underwood
Pitching: RHP John Harris
Now at SS: Matt Jenkins
Batting: RHB Jason Smith 0-0: Called Strike
0-1: Ball
1-1: Ball
2-1: Swinging Strike
2-2: Foul Ball, location: 2F
2-2: Ball
3-2: Strikes out swinging
Batting: RHB Reynaldo Gómez 0-0: Called Strike
0-1: Swinging Strike
0-2: Ball
1-2: Ball
2-2: Foul Ball, location: 2F
2-2: Ball
3-2: Base on Balls
Batting: RHB Heath Hall 0-0: Foul Ball, location: 2F
0-1: Called Strike
0-2: Foul Ball, location: 2F
0-2: Strikes out looking
Batting: SHB Will Combs 0-0: Foul Ball, location: 2F
0-1: Ball
1-1: Called Strike
Reynaldo Gómez steals 2nd base
1-2: Ball
2-2: Foul Ball, location: 2F
2-2: Ground out U3 (Groundball, 3)
Bottom of the 6th over - 0 run(s), 0 hit(s), 0 error(s), 1 left on base; Virginia Tech 2 - Villanova 13
TOP OF THE 7TH
Virginia Tech Hokies batting - Pitching for Villanova Wildcats : RHP Mathieu Bourbeau
Batting: RHB Rob Fleming 0-0: Ground out 6-3 (Groundball, 6)
Batting: RHB Nathan Taylor 0-0: Called Strike
0-1: Ball
1-1: Called Strike
1-2: Ball
2-2: Foul Ball, location: 2F
2-2: Foul Ball, location: 2F
2-2: Foul Ball, location: 2F
2-2: SINGLE (Line Drive, 4MD)
Batting: RHB Elliott Short 0-0: SINGLE (Groundball, 4D)
Nathan Taylor to second
Runner from 2nd tries for 3rd, SAFE, throw made to third
Batting: RHB Dusty Green 0-0: Ball
1-0: Foul Ball, location: 2F
1-1: Ball
2-1: Ball
3-1: Base on Balls
Elliott Short to second
Batting: RHB César Rodríguez 0-0: Foul Ball, location: 2F
0-1: Foul Ball, location: 2F
0-2: Ball
1-2: Ball
2-2: Fly out, F9 (Line Drive, 9)
Runner from 3rd tags up, SCORES, no throw
Batting: RHB Eric Clay 0-0: Ground out U3 (Groundball, 3)
Top of the 7th over - 1 run(s), 2 hit(s), 0 error(s), 2 left on base; Virginia Tech 3 - Villanova 13
BOTTOM OF THE 7TH
Villanova Wildcats batting - Pitching for Virginia Tech Hokies : RHP John Harris
Batting: RHB Juan Romero 0-0: Called Strike
0-1: Ball
1-1: Fly out, F8 (Flyball, 8RM)
Batting: RHB Jonathan Davis 0-0: Called Strike
0-1: Called Strike
0-2: Foul Ball, location: 2F
0-2: Strikes out looking
Batting: RHB Robbie Anderson 0-0: Ball
1-0: Ball
2-0: Fly out, F8 (Flyball, 89S)
Bottom of the 7th over - 0 run(s), 0 hit(s), 0 error(s), 0 left on base; Virginia Tech 3 - Villanova 13
TOP OF THE 8TH
Virginia Tech Hokies batting - Pitching for Villanova Wildcats : RHP Mathieu Bourbeau
Batting: LHB Juan Carlos Manuel 0-0: Called Strike
0-1: Foul Ball, location: 2F
0-2: Ball
1-2: Strikes out looking
Pitching: RHP Bill Pearson
Batting: RHB Matt Jenkins 0-0: Ball
1-0: Called Strike
1-1: Ground out 1-3 (Groundball, 15S)
Batting: RHB Clay Smith 0-0: Ball
1-0: Called Strike
1-1: SINGLE (Flyball, 7S)
Batting: RHB Rob Fleming 0-0: Called Strike
0-1: Called Strike
0-2: Ball
Wild Pitch!
Clay Smith to second
1-2: Ball
2-2: Ball
3-2: Ground out 6-3 (Groundball, 6)
Top of the 8th over - 0 run(s), 1 hit(s), 0 error(s), 1 left on base; Virginia Tech 3 - Villanova 13
BOTTOM OF THE 8TH
Villanova Wildcats batting - Pitching for Virginia Tech Hokies : RHP John Harris
Batting: RHB Steve Smith 0-0: Fly out, F9 (Flyball, 9LSF)
Batting: RHB Martín Flores 0-0: Ball
1-0: Swinging Strike
1-1: Swinging Strike
1-2: Ball
2-2: Foul Ball, location: 2F
2-2: Strikes out swinging
Batting: RHB Jason Smith 0-0: Called Strike
0-1: Foul Ball, location: 2F
0-2: Ball
1-2: Foul Ball, location: 2F
1-2: Ball
2-2: Ball
3-2: SINGLE (Line Drive, 56)
Batting: RHB Reynaldo Gómez 0-0: Foul Ball, location: 2F
0-1: Ball
1-1: Ball
2-1: Foul Ball, location: 2F
2-2: Ball
3-2: Fly out, F8 (Flyball, 78D)
Bottom of the 8th over - 0 run(s), 1 hit(s), 0 error(s), 1 left on base; Virginia Tech 3 - Villanova 13
TOP OF THE 9TH
Virginia Tech Hokies batting - Pitching for Villanova Wildcats : RHP Bill Pearson
Batting: RHB Nathan Taylor 0-0: Called Strike
0-1: Ball
1-1: DOUBLE (Line Drive, 7LM)
Batting: RHB Elliott Short 0-0: Hit by Pitch
Batting: RHB Dusty Green 0-0: Called Strike
0-1: Foul Ball, location: 2F
0-2: Ball
1-2: Ball
2-2: Ball
3-2: Base on Balls
Nathan Taylor to third
Elliott Short to second
Batting: RHB César Rodríguez 0-0: Ball
1-0: Ball
2-0: Called Strike
2-1: Called Strike
2-2: Ball
3-2: Base on Balls
Nathan Taylor scores
Elliott Short to third
Dusty Green to second
Batting: RHB Eric Clay 0-0: Called Strike
0-1: Ball
1-1: Ball
2-1: Called Strike
2-2: Foul Ball, location: 2F
2-2: GRAND SLAM HOME RUN (Flyball, 78XD), Distance : 389 ft
Pitching: RHP Norm Sweetland
Batting: LHB Juan Carlos Manuel 0-0: Called Strike
0-1: Fly out, F9 (Flyball, 89M)
Batting: RHB Matt Jenkins 0-0: Called Strike
0-1: Ball
1-1: Swinging Strike
1-2: Strikes out swinging
Batting: RHB Clay Smith 0-0: Ball
1-0: Ball
2-0: Ball
3-0: Foul Ball, location: 2F
3-1: SINGLE (Line Drive, 4MD)
Batting: RHB Rob Fleming 0-0: Called Strike
0-1: Called Strike
0-2: Strikes out swinging
Top of the 9th over - 5 run(s), 3 hit(s), 0 error(s), 1 left on base; Virginia Tech 8 - Villanova 13
Thursday, March 30th, 2017 - OOTP Baseball 17.12 Build 75